 Dungeon Crawl Stone Soup version 0.31-a0-455-g1a7b003ef0 (webtiles) character file.

Game seed: 3691994885618493879

21 Xavori the Trooper (level 3, 30/30 HPs)
             Began as a Djinni Chaos Knight on Aug 3, 2023.
             Was a Plaything of Xom.
             Quit the game on level 1 of the Dungeon.
             The game lasted 00:01:12 (9868 turns).

Xavori the Trooper (Djinni Chaos Knight)            Turns: 9868, Time: 00:01:13

Health: 30/30      AC:  5    Str: 13      XL:     3   Next: 2%
Gold:   148        EV: 11    Int: 13      God:    Xom [...*..] SH:  0 Dex: 11 (12)

rFire   + + .        a - +0 falchion (chaos)
rCold   x . .        (no shield)
rNeg    . . .        b - +2 leather armour
rPois   ∞            (helmet restricted)
rElec   +            (no cloak)
rCorr   .            (no gloves)
SInv    .            (boots unavailable)
Will    .....        (no amulet)
Stlth   +            (no ring)
HPRegen 0.25/turn    (no ring)
MPRegen 0.00/turn

%: no passive effects
@: flying
A: sickness immunity, fire resistance 2, cold vulnerability 1, float, innate
caster, HP casting, extra vitality 1, horns 1, deterioration 1, electricity
resistance, wild magic 1, MP-powered wands, noise suppression
a: Renounce Religion


You were on level 1 of the Dungeon.
You worshipped Xom.
You were a favourite toy of Xom.
You visited 1 branch of the dungeon, and saw 2 of its levels.

You collected 148 gold pieces.

Inventory:

Hand Weapons
 a - a +0 falchion of chaos (weapon)
Armour
 b - a +2 leather armour (worn)
Jewellery
 i - an amulet of reflection
Scrolls
 c - a scroll of butterflies
 d - a scroll of poison {unknown}
 e - a scroll of teleportation {unknown}
 f - a scroll of blinking {unknown}
 g - 3 scrolls of identify {unknown}
 h - 2 scrolls of fog {unknown}
 j - a scroll of amnesia {unknown}
Potions
 k - a potion of might {unknown}
 l - a potion of heal wounds {unknown}
 m - a potion of ambrosia {unknown}
 n - a potion of mutation


   Skills:
 + Level 3.2 Fighting
 + Level 3.0 Long Blades
 + Level 1.1 Armour
 + Level 2.3 Dodging
 * Level 0.2 Spellcasting
 * Level 0.2 Conjurations
 * Level 0.2 Hexes
 * Level 0.2 Summonings
 * Level 0.2 Necromancy
 * Level 0.2 Translocations
 * Level 0.2 Transmutations
 * Level 0.2 Fire Magic
 * Level 0.2 Ice Magic
 * Level 0.2 Air Magic
 * Level 0.2 Earth Magic
 * Level 0.2 Poison Magic


You knew the following spells:

 Your Spells              Type           Power      Damage    Failure   Level
a - Foxfire               Conj/Fire      4%         2x1d4     43%         1
Your spell library was empty.

Dungeon Overview and Level Annotations

Branches:
Dungeon (2/15)

Altars:


Innate Abilities, Weirdness & Mutations

You are immune to sickness and miasma.
You are immune to poison.
Your flesh is very heat resistant. (rF++)
You are vulnerable to cold. (rC-)
You float through the air rather than walking.
You learn spells naturally, not from books.
Your magical power is your life essence.
You have superior vitality. (+4 MHP)
You have a pair of small horns on your head.
Your body sometimes deteriorates upon taking damage.
You are resistant to electric shocks. (rElec)
Your spells are a little harder to cast, but a little more powerful.
You expend health (3 HP) to strengthen your wands.
You passively dampen the noise of your surroundings.


Message History

There is a stone staircase leading up here.
You start waiting.
Done waiting.
You start waiting.
Done waiting.
You start waiting.
Done waiting.
You fly upwards.
There is a stone staircase leading down here.
You start waiting. "Let's see if it's strong enough to survive yet."
There are monsters nearby!
There are monsters nearby!
There are monsters nearby!
The white imp gestures at you. The puff of frost hits you.
You feel a terrible chill!
Xom thinks this is hilarious!
The shadow imp completely misses you.
You fly downwards.
There is a stone staircase leading up here.
You start resting.
HP restored.
You start waiting.
Done waiting.
You fly upwards.
There is a stone staircase leading down here.
You start waiting.
Done waiting.
You start waiting.
Done waiting.
You start waiting. "Let me alter your body."
Your body is suffused with distortional energy.
You feel insulated.
Your rate of healing slows.
You feel your surroundings grow quieter.
You start waiting.
You are now a favourite toy of Xom.
You start waiting.
Done waiting.
Are you sure you want to abandon this character and quit the game? (Confirm with "yes".)

................#.##.......#
######...###...##.##.##.##.# ####
####...# ##.###.##.##.##.###...
#......####.........#.##.......
#.##....##..........#.######.##
###.####.##.###.#.#.....######.#
............# #................#
.........##.###..#.......########
###.####.###...#@#.......# #...
#.# #.# ##.##.........# #.##
#.####.####.####.......#####.#
#.##........###............#.#
###.##.................[..##.#.#
.........########.###.....##.#.#
####.#.#.# #.# #.....##.#.#
.........# #.# #.....##.#.#
####.#.### #.# #.....##.#.##


There were no monsters in sight!

Vanquished Creatures
  A bat (D:1)
  An endoplasm (D:2)
  2 giant cockroaches (D:1)
  2 hobgoblins (D:1)
  3 jackals (D:1)
  2 kobolds (D:1)
  A quokka (D:2)
  2 ball pythons (D:1)
  2 frilled lizards (D:1)
  A rat (D:1)
17 creatures vanquished.

Notes
Turn   | Place    | Note
-------+----------+-------------------------------------------
     0 | D:1      | Xavori the Djinni Chaos Knight began the quest for the Orb.
     0 | D:1      | Reached XP level 1. HP: 20/20 MP: 0/0
    71 | D:1      | XOM: potion effect (might)
   190 | D:1      | Reached XP level 2. HP: 23/25 MP: 0/0
   220 | D:1      | XOM: silly message
  2654 | D:1      | XOM is BORED!
  2654 | D:1      | XOM: summons 2 hostile demons
  2655 | D:1      | Noticed a sun demon
  2909 | D:2      | XOM: 4-stop teleportation journey
  3806 | D:1      | XOM: give mutations
  3806 | D:1      | Gained mutation: You have a pair of small antennae on your
                  | head. [Xom's mischief]
  3806 | D:1      | Gained mutation: You passively map a small area around you.
                  | [Xom's mischief]
  4057 | D:1      | XOM: stat loss: -1 Dex (11/12)
  4373 | D:1      | XOM: summons 2 hostile demons
  4374 | D:1      | Noticed a quasit
  4951 | D:1      | XOM: summons 2 hostile demons
  4952 | D:1      | Noticed a crimson imp
  5060 | D:2      | XOM: 1-stop teleportation journey
  5064 | D:2      | Reached XP level 3. HP: 30/30 MP: 0/0
  5064 | D:2      | Learned a level 1 spell: Foxfire
  5200 | D:1      | XOM: god gift: sedimented emerald potion {god gift}
  5404 | D:1      | Lost mutation: You passively map a small area around you.
                  | [potion of mutation]
  5404 | D:1      | Lost mutation: You have a pair of small antennae on your
                  | head. [potion of mutation]
  5404 | D:1      | Gained mutation: You have a pair of small horns on your
                  | head. [potion of mutation]
  6321 | D:1      | XOM: 5-stop teleportation journey
  6616 | D:1      | XOM: silly message
  8134 | D:1      | XOM is BORED!
  8207 | D:1      | XOM: summons 2 hostile demons
  8282 | D:2      | XOM: god gift: 30 gold pieces
  8367 | D:1      | XOM: give mutations
  8367 | D:1      | Gained mutation: Your natural rate of healing is unusually
                  | fast. [Xom's mischief]
  8367 | D:1      | Gained mutation: You expend health (3 HP) to strengthen
                  | your wands. [Xom's mischief]
  8367 | D:1      | Gained mutation: Your body sometimes deteriorates upon
                  | taking damage. [Xom's mischief]
  8367 | D:1      | Gained mutation: Your spells are a little harder to cast,
                  | but a little more powerful. [Xom's mischief]
  9074 | D:1      | XOM: summons 4 hostile shadow creatures
  9405 | D:1      | XOM: summons 2 hostile demons
  9734 | D:1      | XOM: give mutations
  9734 | D:1      | Gained mutation: You are resistant to electric shocks.
                  | (rElec) [Xom's mischief]
  9734 | D:1      | Lost mutation: Your natural rate of healing is unusually
                  | fast. [Xom's mischief]
  9734 | D:1      | Gained mutation: You passively dampen the noise of your
                  | surroundings. [Xom's mischief]
  9868 | D:1      | Quit the game

Illustrated notes

Levels and vault maps discovered:
D:1:      sevenhm_arrival_forest_fort_small_3, layout_loops_ring,
          minmay_heptomino_d4
D:2:      layout_loops_cross, grunt_decor_junction, uniq_terence

Skill      XL: |  1  2 |
---------------+-------+-----
Long Blades    | 3 |  3.0
Fighting       | |  3.2
Armour         | |  1.1
Dodging        | |  2.3
Spellcasting   | |  0.2
Conjurations   | |  0.2
Hexes          | |  0.2
Summonings     | |  0.2
Necromancy     | |  0.2
Translocations | |  0.2
Transmutations | |  0.2
Fire Magic     | |  0.2
Ice Magic      | |  0.2
Air Magic      | |  0.2
Earth Magic    | |  0.2
Poison Magic   | |  0.2

Action                     || total
---------------------------++-------
  Melee: Falchion          ||    50
    Use: Potion            ||     1
 Armour: Leather armour    ||    24
  Dodge: Dodged            ||    33

Table legend: (Time is in decaauts)
 A = Elapsed time spent in this place.
 B = Non-inter-level travel time spent in this place.
 C = Inter-level travel time spent in this place.
 D = Time resting spent in this place.
 E = Time spent auto-exploring this place.
 F = Levels seen in this place.
 G = Mean time per level.
                   A        B        C        D        E       F      G
               +--------+--------+--------+--------+--------+-----+--------+
         Total |   9883 |   9827 |     56 |   8979 |    689 |   2 | 4941.5 |
       Dungeon |   9883 |   9827 |     56 |   8979 |    689 |   2 | 4941.5 |
               +--------+--------+--------+--------+--------+-----+--------+

Top non-repeatable levels by time:
     D:1: 8619 daAuts
     D:2: 1263 daAuts
